 Dungeon Crawl Stone Soup version 0.22.0 (webtiles) character file.

321 CyclopB the Chopper (level 6, -1/47 HPs)
             Began as a Formicid Fighter on Dec 17, 2018.
             Was a Follower of Zin.
             Killed by divine providence
             ... invoked by an orc priest
              (14 damage)
             ... on level 4 of the Dungeon.
             The game lasted 00:28:04 (3153 turns).

CyclopB the Chopper (Formicid Fighter)              Turns: 3153, Time: 00:28:05

Health: -1/47      AC:  6    Str: 22    XL:     6   Next: 76%
Magic:  6/6        EV:  8    Int:  7    God:    Zin [*.....]
Gold:   148        SH: 10    Dex: 11    Spells: 5/5 levels left

rFire    . . .     SeeInvis +   a - +1 war axe
rCold    . . .     Gourm    .   c - +0 shield
rNeg     . . .     Faith    .   b - +0 scale mail
rPois    .         Spirit   .   (helmet unavailable)
rElec    .         Reflect  .   (no cloak)
rCorr    .         Harm     .   (no gloves)
MR       .....                  (no boots)
Stlth    ..........             (no amulet)
HPRegen  0.15/turn              (no ring)
MPRegen  0.10/turn              (no ring)

@: lethally poisoned (-1 -> -10)
A: permanent stasis, dig shafts and tunnels, four strong arms, antennae 3
a: Dig, Shaft Self, Recite, Donate Gold, Renounce Religion


You were on level 4 of the Dungeon.
You worshipped Zin.
Zin was aware of your devotion.
You were hungry.

You visited 1 branch of the dungeon, and saw 4 of its levels.

You collected 164 gold pieces.
You donated 16 gold pieces to Zin.

Inventory:

Hand Weapons
 a - a +1 war axe (weapon)
Missiles
 i - 133 stones (quivered)
 p - 13 sling bullets
 s - 11 tomahawks
Armour
 b - a +0 scale mail (worn)
 c - a +0 shield (worn)
 k - a +0 chain mail
Jewellery
 j - an uncursed ring of wizardry {unknown}
 t - a +6 amulet of reflection {unknown}
Wands
 r - a wand of disintegration (15)
Scrolls
 e - 2 scrolls of magic mapping
 h - 3 scrolls of remove curse
 l - a scroll of blinking {unknown}
 m - 2 scrolls of enchant weapon
 q - 2 scrolls of enchant armour {unknown}
 u - a scroll of teleportation {unknown}
 v - a scroll of identify {unknown}
Potions
 d - 2 potions of might
 g - a potion of flight {unknown}
 n - a potion of heal wounds {unknown}
 o - a potion of curing
Comestibles
 f - 9 rations


   Skills:
 - Level 3.2 Fighting
 * Level 6.0 Axes
 - Level 3.2 Armour
 - Level 5.0 Shields


You had 5 spell levels left.
You didn't know any spells.
Your spell library was empty.

Dungeon Overview and Level Annotations

Branches:
Dungeon (4/15)             Temple (0/1) D:4

Altars:
Ashenzari
Vehumet
Wu Jian
Zin

Annotations:
D:3 Grinder


Innate Abilities, Weirdness & Mutations

You cannot be hasted, slowed, berserked, paralysed or teleported.
You can dig through walls and to a lower floor.
Your four strong arms can wield two-handed weapons with a shield.
You have a pair of large antennae on your head. (SInv)


Message History

The scorpion stings you.
You barely miss the scorpion. You hit the bullfrog skeleton.
The bullfrog skeleton hits you. You block the scorpion's attack.
You hit the scorpion but do no damage. You barely miss the phantom.
You block the scorpion's attack. You block the phantom's attack.
You closely miss the scorpion. You closely miss the phantom.
The scorpion stings you but does no damage.
You block the phantom's attack. You block the scorpion's attack.
Are you sure you want to shaft yourself?
You feel quite a bit more hungry.
The phantom blinks!
The orc priest calls down the wrath of Beogh upon you.
Beogh smites you! The scorpion stings you.
* * * LOW HITPOINT WARNING * * *
You are poisoned.
The scorpion poisons you!
You begin to dig a shaft.
You continue digging a shaft.
You feel sick.
The orc priest mumbles some strange prayers to Beogh against you.
Beogh smites you!
You die...

#...,,,... #..,,,,,..
#..,,,,,.. #>.,,,,,,.
#.#******. #.########
#........W
###########ยง########
#.s@Zg...oW.# #
#.########### # **#,*
#### *,,,* ##...
*,,,* #..>. *,,,*
#.... *,,,* #.##.
***,* #.... *,* ####.


You could see a phantom, a scorpion, an orc priest, a hobgoblin and a bullfrog
skeleton.

Vanquished Creatures
  A scorpion (D:2)
  A centaur skeleton (D:4)
  3 orc wizards
  A gnoll (D:1)
  A howler monkey skeleton (D:3)
  5 adders
  2 oozes
  2 worms (D:2)
  2 dart slugs (D:1)
  3 leopard geckos
  2 orcs (D:3)
  6 bats
  6 giant cockroaches
  6 goblins
  10 hobgoblins
  4 jackals
  3 quokkas (D:3)
  2 ball pythons
  3 frilled lizards (D:1)
  A jackal skeleton (D:3)
  9 kobolds
  A leopard gecko skeleton (D:4)
  A rat (D:3)
75 creatures vanquished.

Notes
Turn   | Place    | Note
-------+----------+-------------------------------------------
     0 | D:1      | CyclopB the Formicid Fighter began the quest for the Orb.
     0 | D:1      | Reached XP level 1. HP: 18/18 MP: 1/1
    69 | D:1      | Reached XP level 2. HP: 24/24 MP: 2/2
   551 | D:1      | Reached XP level 3. HP: 28/29 MP: 3/3
   633 | D:1      | Reached skill level 3 in Axes
  1081 | D:2      | Reached XP level 4. HP: 28/35 MP: 4/4
  1399 | D:2      | Reached skill level 4 in Axes
  1880 | D:2      | Found an ornate altar of the Wu Jian Council.
  1880 | D:2      | Found a glowing silver altar of Zin.
  1883 | D:2      | Became a worshipper of Zin the Law-Giver
  1883 | D:2      | Reached * piety under Zin
  2004 | D:3      | Reached XP level 5. HP: 41/41 MP: 5/5
  2203 | D:3      | Noticed Grinder
  2273 | D:3      | Found a shattered altar of Ashenzari.
  2361 | D:3      | Noticed a phantom
  2745 | D:4      | Noticed a phantom
  2781 | D:2      | Reached skill level 5 in Axes
  2781 | D:2      | Reached XP level 6. HP: 33/47 MP: 6/6
  2903 | D:3      | Reached skill level 5 in Shields
  3036 | D:4      | Reached skill level 6 in Axes
  3117 | D:4      | Found a staircase to the Ecumenical Temple.
  3129 | D:4      | Found a radiant altar of Vehumet.
  3153 | D:4      | Killed from afar by an orc priest

Skill      XL: |  1  2  3  4  5  6 |
---------------+-------------------+-----
Shields        | 4 5 |  5.0
Axes           | 3 4 5 6 |  6.0
Fighting       | |  3.2
Armour         | |  3.2

Action                   |  1- 3 |  4- 6 || total
-------------------------+-------+-------++-------
Melee: War axe           |    89 |   160 ||   249
Throw: Stone             |    22 |    30 ||    52
 Abil: Shaft Self        |       |     1 ||     1
  Use: Scroll            |       |     3 ||     3
       Potion            |       |     2 ||     2
  Eat: Chunk             |       |     7 ||     7
Armor: Scale mail        |    23 |    51 ||    74
Dodge: Dodged            |    25 |    46 ||    71
Block: Shield            |    35 |   103 ||   138
